 Dungeon Crawl Stone Soup version 0.30-a0-578-gdee14c521f (console) character file.

Game seed: 2079235036800557266

12564 jejorda2 the Impaler (level 11, -3/95 HPs)
             Began as a Merfolk Berserker on Dec 31, 2022.
             Was an Elder of Trog.
             Killed from afar by a gargoyle (31 damage)
             ... with a stone arrow
             ... on level 11 of the Dungeon.
             The game lasted 00:31:07 (9054 turns).

jejorda2 the Impaler (Merfolk Berserker)            Turns: 9054, Time: 00:31:08

Health: -3/95      AC: 19    Str: 22    XL:     11   Next: 95%
Magic:  11/11      EV: 10    Int:  7    God:    Trog [****..]
Gold:   529        SH:  0    Dex: 13    Spells: 10/10 levels left

rFire   . . .      SeeInvis +    a - +0 glaive
rCold   + . .      Faith    .    (shield currently unavailable)
rNeg    . . .      Spirit   .    z - +1 chain mail {rC+}
rPois   +          Reflect  .    I - +2 helmet {SInv}
rElec   .          Harm     .    B - +0 cloak {rPois}
rCorr   .          Rampage  .    t - +1 pair of gloves
Will    +++..                    f - +0 pair of boots Stlth
                                 l - amulet of regeneration
HPRegen 2.15/turn                g - ring of flight
MPRegen 0.12/turn                x - ring of willpower

@: strong-willed, flying, regenerating, studying 2 skills
A: (nimble swimmer 2), mertail
a: Renounce Religion, Berserk, Trog's Hand, Brothers in Arms


You were on level 11 of the Dungeon.
You worshipped Trog.
Trog was greatly pleased with you.
You visited 1 branch of the dungeon, and saw 13 of its levels.
You also visited: Ossuary and Bailey.

You collected 529 gold pieces.

Inventory:

Hand Weapons
 a - a +0 glaive (weapon)
 b - a +1 trident
Missiles
 c - 51 stones (quivered)
 h - 2 throwing nets
 i - 25 poisoned darts
 p - 8 boomerangs
 r - 3 atropa-tipped darts
Armour
 f - a +0 pair of boots (worn)
 t - a +1 pair of gloves (worn)
 z - a +1 chain mail of cold resistance (worn)
 B - a +0 cloak of poison resistance (worn)
 I - a +2 helmet of see invisible (worn)
 J - a +1 chain mail of fire resistance
Jewellery
 g - a ring of flight (left hand)
 l - an amulet of regeneration (around neck)
 x - a ring of willpower (right hand)
Wands
 e - a wand of acid (24)
 q - a wand of flame (27)
 u - a wand of mindburst (7)
 A - a wand of digging (7)
 L - a wand of iceblast (3)
Scrolls
 k - a scroll of fear
 n - 3 scrolls of poison
 w - 2 scrolls of silence {unknown}
 y - 3 scrolls of blinking
 C - a scroll of teleportation {unknown}
 M - a scroll of magic mapping
Potions
 d - 2 potions of ambrosia
 j - 10 potions of curing
 m - a potion of berserk rage
 o - 4 potions of haste
 s - 3 potions of might
 v - a potion of flight
 D - a potion of attraction {unknown}
 E - a potion of lignification {unknown}
 F - a potion of mutation {unknown}
 G - a potion of cancellation {unknown}
 H - a potion of invisibility {unknown}
 K - 2 potions of heal wounds


   Skills:
 - Level 12.0 Fighting
 * Level 17.7 Polearms
 + Level 4.6 Throwing
 + Level 7.1 Armour
 - Level 6.0 Dodging
 - Level 6.1 Evocations


You had 10 spell levels left.
You didn't know any spells.
Your spell library was empty.

Dungeon Overview and Level Annotations

Branches:
Dungeon (13/15)            Temple (0/1) D:4         Ossuary (visited)
 Bailey (visited)
   Lair: D:8-11         Orc: D:9-12      Vaults: D:13-14

Altars:
Ashenzari
Elyvilon
Fedhas
Makhleb
Qazlal
Ru
Sif Muna
Vehumet
Wu Jian
Xom
Yredelemnul

Shops:
D:7 (

Annotations:
D:7 3 runed translucent doors, lotum's ghost, novice MeEE


Innate Abilities, Weirdness & Mutations

((You are very nimble when in or above water. (Stealth+, EV+, Speed+++)))
Your lower body shifts to a powerful aquatic tail in water.


Message History

You fly upwards.
The vampire hits you but does no damage.
The vampire bites you.
The vampire draws strength from your injuries!
The gargoyle hurls a stone arrow at you.
The stone arrow misses you.
An efreet comes into view.
It is wielding a +4 scimitar of flaming.
The vampire hits you. The vampire misses you.
There is a stone staircase leading down here.
Your skin crawls.
You feel strong-willed. The vampire closely misses you.
The vampire bites you but does no damage.
You hit the vampire.
The vampire is lightly damaged.
You hit the vampire but do no damage.
The vampire is lightly damaged.
The gargoyle hurls a stone arrow at you.
The stone arrow hits you!! The vampire hits you. The vampire bites you!
The vampire draws strength from your injuries!
You closely miss the vampire.
The vampire is lightly damaged.
The gargoyle hits you with a +0 mace!
The vampire hits you but does no damage.
The vampire bites you but does no damage.
You hit the vampire.
The vampire is lightly damaged.
The vampire closely misses you. The vampire bites you.
The vampire draws strength from your injuries!
The gargoyle hurls a stone arrow at you.
The stone arrow hits you!
You hit the vampire.
The vampire is lightly damaged.
A troll comes into view.
The vampire closely misses you. The vampire bites you.
* * * LOW HITPOINT WARNING * * *
The vampire draws strength from your injuries!
The gargoyle hurls a stone arrow at you.
The stone arrow hits you!!
You die...

.... .... ....
.... ..$.. ....
..... ... ......
#.#
.....!###..###
.........V...###
........@.......
........9.......
......R.........
.....☼..........
....○...........
....°..#.^......
....°####.......
..... T##....


You could see a troll (wandering), an efreet, a vampire and a gargoyle.

Vanquished Creatures
  A two-headed ogre (D:9)
  An orc high priest (Bailey)
  Amaemon (D:12)
  Pikel (D:9)
  An ugly thing (D:13)
  Joseph (D:9)
  A gargoyle (D:12)
  An orange demon (D:12)
  A komodo dragon (D:12)
  2 kobold demonologists
  A wraith (D:9)
  2 wyverns
  A water moccasin (D:9)
  10 orc warriors
  A black bear (D:6)
  2 ogres
  3 centaurs
  A lemure (D:9)
  A kobold brigand (D:6)
  4 phantoms
  An elf zombie (Ossuary)
  A bullfrog (D:8)
  A gnoll sergeant (D:8)
  A necrophage (D:4)
  3 scorpions
  7 wights
  6 killer bees (D:7)
  4 electric eels (Bailey)
  A centaur zombie (Ossuary)
  4 hounds
  A jelly (D:5)
  An orc priest (D:8)
  2 gnoll boudas
  3 iguanas
  5 orc wizards
  2 mummies (Ossuary)
  23 gnolls
  9 adders
  A shadow imp (D:7)
  An ufetubus (D:5)
  4 adder zombies (Ossuary)
  2 worms (D:5)
  A dart slug (D:3)
  27 orcs
  11 ball pythons
  8 endoplasms
  6 giant cockroaches
  15 goblins
  14 hobgoblins
  5 jackals
  3 quokkas
  3 bats
  A frilled lizard (D:1)
  3 goblin zombies (Ossuary)
  11 hobgoblin zombies (Ossuary)
  A jackal zombie (Ossuary)
  10 kobolds
  7 kobold zombies (Ossuary)
  9 orc zombies (Ossuary)
  10 rats
265 creatures vanquished.

Vanquished Creatures (others)
  5 plants
5 creatures vanquished.

Grand Total: 270 creatures vanquished

Notes
Turn   | Place    | Note
-------+----------+-------------------------------------------
     0 | D:1      | jejorda2 the Merfolk Berserker began the quest for the Orb.
     0 | D:1      | Reached XP level 1. HP: 18/18 MP: 1/1
   296 | D:1      | Reached XP level 2. HP: 14/24 MP: 2/2
   633 | D:1      | Found a faded altar of an unknown god.
   638 | D:1      | Reached XP level 3. HP: 23/29 MP: 3/3
   824 | D:1      | Reached skill level 5 in Polearms
   852 | D:1      | Reached ** piety under Trog
  1055 | D:2      | Reached XP level 4. HP: 37/37 MP: 4/4
  1889 | D:3      | Reached XP level 5. HP: 42/42 MP: 5/5
  1910 | D:3      | Reached skill level 6 in Polearms
  2511 | D:4      | Found a white marble altar of Elyvilon.
  2544 | D:4      | Reached XP level 6. HP: 48/49 MP: 6/6
  2576 | D:4      | Found a sand-covered staircase.
  2592 | D:4      | Reached skill level 7 in Polearms
  2636 | Ossuary  | Entered an ossuary
  2698 | Ossuary  | Reached skill level 5 in Dodging
  2851 | Ossuary  | Reached *** piety under Trog
  2963 | Ossuary  | Reached skill level 5 in Fighting
  2963 | Ossuary  | Reached XP level 7. HP: 55/56 MP: 7/7
  3154 | D:4      | Reached skill level 8 in Polearms
  3208 | D:4      | Found a burning altar of Makhleb.
  3414 | D:4      | Found a staircase to the Ecumenical Temple.
  3565 | D:5      | Entered Level 5 of the Dungeon
  4280 | D:6      | Reached skill level 9 in Polearms
  4282 | D:6      | Reached XP level 8. HP: 64/64 MP: 8/8
  4423 | D:6      | Reached skill level 10 in Polearms
  4617 | D:6      | Reached skill level 11 in Polearms
  4727 | D:6      | Found a basalt altar of Yredelemnul.
  4842 | D:6      | Reached **** piety under Trog
  4954 | D:7      | Reached XP level 9. HP: 69/69 MP: 9/9
  5000 | D:7      | Reached skill level 5 in Armour
  5025 | D:7      | Found a runed translucent gate.
  5031 | D:7      | Found a blossoming altar of Fedhas.
  5036 | D:7      | Found a runed translucent gate.
  5036 | D:7      | Found a runed translucent gate.
  5057 | D:7      | Reached skill level 12 in Polearms
  5084 | D:7      | Found a flagged portal.
  5093 | Bailey   | Entered a bailey
  5355 | Bailey   | Reached skill level 13 in Polearms
  5386 | Bailey   | Found an iron altar of Okawaru.
  5386 | Bailey   | Noticed a kobold demonologist
  5386 | Bailey   | Noticed an orc high priest
  5389 | Bailey   | Reached skill level 1 in Throwing
  5389 | Bailey   | Reached skill level 1 in Evocations
  5396 | Bailey   | Killed a kobold demonologist
  5399 | Bailey   | Killed an orc high priest
  5400 | Bailey   | Reached XP level 10. HP: 76/76 MP: 10/10
  5483 | Bailey   | Acquired a +2 helmet of see invisible
  5602 | Bailey   | Reached skill level 14 in Polearms
  5771 | Bailey   | Acquired a manual of Fighting
  5961 | D:7      | Found a sacrificial altar of Ru.
  6009 | D:7      | Found Soegul's Hydra Hut.
  6014 | D:7      | Noticed a four-headed hydra
  6538 | D:7      | Noticed lotum's ghost (novice MeEE)
  6563 | D:7      | Reached skill level 10 in Fighting
  6563 | D:7      | Reached skill level 16 in Polearms
  6563 | D:7      | Reached XP level 11. HP: 90/90 MP: 11/11
  6876 | D:8      | Found a radiant altar of Vehumet.
  7119 | D:8      | Found a stormy altar of Qazlal.
  7327 | D:8      | Found a shimmering altar of Xom.
  7328 | D:8      | Found a shimmering blue altar of Sif Muna.
  7697 | D:9      | Noticed Pikel
  7721 | D:9      | Killed Pikel
  7722 | D:9      | Reached skill level 17 in Polearms
  7733 | D:9      | Noticed a two-headed ogre
  7740 | D:9      | Killed a two-headed ogre
  7996 | D:9      | Found a broken altar of Ashenzari.
  7999 | D:9      | Found an ornate altar of the Wu Jian Council.
  8038 | D:9      | Noticed Joseph
  8049 | D:9      | Killed Joseph
  8637 | D:10     | Entered Level 10 of the Dungeon
  8703 | D:10     | You are sucked into a shaft and drop 3 floors!
  8714 | D:13     | Noticed a cyan ugly thing
  8721 | D:13     | Killed a cyan ugly thing
  8861 | D:11     | Noticed Amaemon
  8992 | D:12     | Killed Amaemon
  9054 | D:11     | Killed from afar by a gargoyle

Illustrated notes

Levels and vault maps discovered:
D:1:      dpeg_arrival_stone_temple_mockup, layout_basic, basic_ecumenical_altar
D:2:      layout_rooms, minmay_misc_feat_enclosed
D:3:      minmay_wonky_spiral, layout_basic
D:4:      layout_rooms, nicolae_elyvilon_temple_path,
          makhleb_blood_cavern_becter, minmay_temple_entry_poolview,
          nicolae_ossuary_entry_ruins, chequers_big_river
D:5:      layout_loops_ring
D:6:      layout_rooms, mainiacjoe_overflow_concentric_impassable,
          serial_bayou_pond_e, chequers_serial_rivers_micro_a
D:7:      layout_basic, mainiacjoe_overflow_catwalk,
          nicolae_ru_great_annihilating_truth, enter_bailey_2,
          gammafunk_ghost_necromancy, chequers_serial_rivers_small_3,
          doesnt_shop_hydraphobe
D:8:      layout_layer_cave, nicolae_overflow_two_pavilions,
          mainiacjoe_overflow_catwalk_spiral
D:9:      layout_stronghold, chequers_temple_overflow_statue_of_worship,
          minmay_misc_feat_doors, minmay_stone_trees_small, uniq_pikel,
          uniq_joseph
D:10:     lemuel_insect_pit, layout_basic
D:11:     layout_cave_pools, erik_lair_dragon, david_orc_2, serial_shops, shop,
          nicolae_concentric_dashed_squares_mild, uniq_amaemon
D:12:     layout_gridville, serial_shops, nicolae_shop_stone,
          grunt_ministairs_11, minmay_unpleasant_kobolds
D:13:     layout_irregular_city

Skill      XL: |  1  2  3  4  5  6  7  8  9 10 11 |
---------------+----------------------------------+-----
Dodging        | 3 4 5 6 |  6.0
Polearms       | 5 6 7 9 11 13 16 17 | 17.7
Fighting       | 4 5 6 10 12 | 12.0
Armour         | 2 4 6 7 |  7.1
Throwing       | 2 3 4 |  4.6
Evocations     | 2 6 |  6.1

Action                   |  1- 3 |  4- 6 |  7- 9 | 10-12 || total
-------------------------+-------+-------+-------+-------++-------
Melee: Spear             |   110 |   342 |    87 |       ||   539
       Punch             |     1 |     4 |     7 |       ||    12
       Trident           |       |       |   286 |    99 ||   385
       Glaive            |       |       |       |   157 ||   157
       Halberd           |       |       |       |    12 ||    12
Throw: Stone             |     6 |    28 |     8 |     1 ||    43
       Dart              |       |       |    11 |     2 ||    13
       Boomerang         |       |       |       |    13 ||    13
Invok: Berserk           |     4 |     2 |     7 |     5 ||    18
       Trog's Hand       |       |     1 |     5 |     2 ||     8
Evoke: Wand              |       |       |    17 |     2 ||    19
  Use: Scroll            |       |     5 |    11 |     5 ||    21
       Potion            |       |       |       |     1 ||     1
 Stab: Paralysed         |       |       |       |     1 ||     1
Armor: Animal skin       |    14 |       |       |       ||    14
       Ring mail         |     4 |       |       |    34 ||    38
       Chain mail        |     1 |    35 |       |    32 ||    68
       Plate armour      |       |    76 |    97 |     3 ||   176
Dodge: Dodged            |    56 |    65 |   103 |    74 ||   298

Table legend: (Time is in decaauts)
 A = Elapsed time spent in this place.
 B = Non-inter-level travel time spent in this place.
 C = Inter-level travel time spent in this place.
 D = Time resting spent in this place.
 E = Time spent auto-exploring this place.
 F = Levels seen in this place.
 G = Mean time per level.
                   A        B        C        D        E       F      G
               +--------+--------+--------+--------+--------+-----+--------+
         Total |   8880 |   8461 |    419 |    903 |   5503 |  15 |  592.0 |
       Dungeon |   7891 |   7472 |    419 |    701 |   5198 |  13 |  607.0 |
       Ossuary |    344 |    344 |      0 |     65 |     59 |   1 |  344.0 |
        Bailey |    643 |    643 |      0 |    136 |    246 |   1 |  643.0 |
               +--------+--------+--------+--------+--------+-----+--------+

Top non-repeatable levels by time:
     D:8: 1207 daAuts
     D:1: 965 daAuts
     D:3: 892 daAuts
     D:9: 874 daAuts
     D:7: 870 daAuts
     D:5: 745 daAuts
     D:4: 667 daAuts
  Bailey: 643 daAuts
     D:2: 622 daAuts
     D:6: 615 daAuts
 Ossuary: 344 daAuts
    D:12: 273 daAuts
    D:13: 76 daAuts
    D:10: 64 daAuts
    D:11: 15 daAuts
